 Dungeon Crawl Stone Soup version 0.13-a0-2531-g2ad9301 (webtiles) character file.

489 Kae the Ruinous (level 6, -1/32 HPs)
             Began as a Tengu Fire Elementalist on July 26, 2013.
             Slain by a kobold
             ... wielding a +0,+0 whip
              (3 damage)
             ... on Level 4 of the Dungeon.
             The game lasted 00:08:52 (3698 turns).

Kae the Ruinous (Tengu Fire Elementalist)           Turns: 3698, Time: 00:08:52

HP  -1/32        AC  3     Str  8      XL: 6   Next: 22%
MP  14/14        EV 12     Int 18      God:
Gold 219         SH  0     Dex 14      Spells:  2 memorised,  6 levels left

Res.Fire  : . . .   See Invis. : .   s - -2,-1 falchion (curse)
Res.Cold  : . . .   Warding    : .   q - +1 robe {rN+}
Life Prot.: + . .   Conserve   : .   (no shield)
Res.Poison: .       Res.Corr.  : .   (helmet restricted)
Res.Elec. : .       Clarity    : .   (no cloak)
Sust.Abil.: . .     Spirit.Shd : .   (no gloves)
Res.Mut.  : .       Stasis     : .   (boots unavailable)
Res.Rott. : .       Flight     : .   (no amulet)
Saprovore : . . .                    (no ring)
                                     (no ring)

@: slightly resistant to hostile enchantments, fairly stealthy
A: able to fly, beak, talons 3
a: Fly


You were on level 4 of the Dungeon.
You were hungry.

You visited 1 branch of the dungeon, and saw 4 of its levels.

You collected 199 gold pieces.

Inventory:

Hand weapons
 m - a -1,+1 orcish short sword
 s - a cursed -2,-1 falchion (weapon)
Armour
 a - a +0 robe
 q - a +1 robe of positive energy (worn)
Comestibles
 c - 3 bread rations
 g - 2 meat rations
 h - a choko
 j - an apple
Scrolls
 d - a scroll of magic mapping {unknown}
 i - a scroll of recharging {unknown}
 k - a scroll of noise {unknown}
 l - a scroll of enchant weapon I {unknown}
 n - a scroll of remove curse {unknown}
 o - a scroll of teleportation {unknown}
 r - a scroll of amnesia {unknown}
 t - a scroll of identify {unknown}
Potions
 e - a potion of speed {unknown}
 f - 2 potions of curing
 p - a potion of poison {unknown}
 u - a potion of berserk rage {unknown}
 w - a potion of heal wounds {unknown}
Books
 b - a book of Flames

   Spells                             Type                      Level
   *Flame Tongue                      Conjuration/Fire             1
   Throw Flame                        Conjuration/Fire             2
   *Conjure Flame                     Conjuration/Fire             3
   Inner Flame                        Hexes/Fire                   3
   Sticky Flame                       Conjuration/Fire             4
   Fireball                           Conjuration/Fire             5


   Skills:
 - Level 2.1 Dodging
 - Level 2.0 Stealth
 + Level 2.6 Spellcasting
 * Level 5.9 Conjurations
 + Level 4.5 Fire Magic


You had 6 spell levels left.
You knew the following spells:

 Your Spells              Type           Power        Failure   Level  Hunger
a - Flame Tongue          Conj/Fire      ###..        1%          1    #......
b - Conjure Flame         Conj/Fire      ###.....     10%         3    ###....


Dungeon Overview and Level Annotations

Branches:
Dungeon (4/27)
 Temple: D:4-7

Altars:
Fedhas

Annotations
D:4 Menkaure


Innate Abilities, Weirdness & Mutations

You can fly.
You have a beak for a mouth.
You have claws for feet.


Message History

Unknown command.
You aren't carrying any pieces of jewellery.
The kobold shouts!
The goblin shouts!
Menkaure hits you! Menkaure hits you.
You barely miss the kobold. The kobold hits you with a whip. Menkaure hits you.
* * * LOW HITPOINT WARNING * * *
The kobold hits you with a whip.
* * * LOW HITPOINT WARNING * * *
The kobold closely misses you. The adder misses you.
Menkaure gestures wildly while chanting.
Menkaure seems to speed up.
Menkaure breathes soot at you.
There is a stone staircase leading up here.
You see here a dart.
The adder bites you.
* * * LOW HITPOINT WARNING * * *
The kobold hits you with a whip.
You die...

## #######
##..##..<#@### #
#........KS..#..###
#.?...........#.....
#.......((M.#.....##
#.........g.........
....................
..................
?.................
...>...............


You could see Menkaure, an adder, a goblin and a kobold.

Vanquished Creatures
  The ghost of Kae the Ruinous, an average TeFE of Vehumet (D:3)
  Terence (D:1)
  2 adders
  A gnoll (D:1)
  A giant mite (D:2)
  A worm (D:2)
  3 giant geckos
  An ooze (D:2)
  4 orcs (D:3)
  2 giant cockroaches
  9 goblins
  4 hobgoblins
  10 kobolds
  A ball python (D:1)
  10 bats
  4 giant newts
  6 rats
61 creatures vanquished.

Notes
Turn   | Place    | Note
--------------------------------------------------------------
     0 | D:1      | Kae, the Tengu Fire Elementalist, began the quest for the Orb.
     0 | D:1      | Reached XP level 1. HP: 10/10 MP: 3/3
   117 | D:1      | Reached XP level 2. HP: 7/15 MP: 1/5
   370 | D:1      | Reached XP level 3. HP: 16/19 MP: 0/7
  1405 | D:2      | Noticed Terence
  1421 | D:1      | Learned a level 3 spell: Conjure Flame
  1774 | D:1      | Reached XP level 4. HP: 22/24 MP: 8/8
  2332 | D:3      | Reached skill level 4 in Conjurations
  3227 | D:3      | Noticed Kae's ghost (average TeFE)
  3239 | D:3      | Killed Kae's ghost
  3239 | D:3      | Reached skill level 5 in Conjurations
  3239 | D:3      | Reached XP level 5. HP: 24/28 MP: 5/12
  3239 | D:3      | Reached XP level 6. HP: 27/32 MP: 5/13
  3495 | D:1      | Killed Terence
  3625 | D:4      | Found a blossoming altar of Fedhas.
  3625 | D:4      | Noticed Menkaure
  3698 | D:4      | Slain by a kobold

Action                   |  1- 3 |  4- 6 || total
-------------------------+-------+-------++-------
Melee: Unarmed           |    20 |       ||    20
       Short sword       |     4 |       ||     4
       Falchion          |       |     1 ||     1
 Cast: Flame Tongue      |    59 |    73 ||   132
       Conjure Flame     |     2 |     4 ||     6
  Use: Potion            |       |     1 ||     1
 Stab: Sleeping          |     1 |       ||     1
